 Dungeon Crawl Stone Soup version 0.31-a0-977-gc230f8ef24 (webtiles) character file.

Game seed: 16175839118704023214

253 Dordric the Ruffian (level 5, 0/40 HPs)
             Began as a Draconian Shapeshifter on Oct 30, 2023.
             Slain by an ice beast (7 damage)
             ... on level 3 of the Dungeon.
             The game lasted 00:02:03 (2529 turns).

Dordric the Ruffian (Draconian Shapeshifter)        Turns: 2529, Time: 00:02:04

Health: 0/40       AC:  5    Str: 16    XL:     5   Next: 90%
Magic:  5/5        EV: 12    Int: 11    God:
Gold:   104        SH:  0    Dex: 12    Spells: 4/4 levels left

rFire   . . .        f - +4 whip
rCold   . . .        (no shield)
rNeg    . . .        (body armour unavailable)
rPois   .            (helmet currently unavailable)
rElec   .            (cloak currently unavailable)
rCorr   .            (gloves currently unavailable)
SInv    .            (boots currently unavailable)
Will    .....        (no amulet)
Stlth   +            (no ring)
HPRegen 0.26/turn    (no ring)
MPRegen 0.09/turn

%: no passive effects
@: beast-form, slowed, very slow
A: beast (slay +2), AC +5, unfitting armour, cold-blooded
a: Begin Untransformation


You were on level 3 of the Dungeon.
You were a hulking beast.
You visited 1 branch of the dungeon, and saw 3 of its levels.

You collected 104 gold pieces.

Inventory:

Hand Weapons
 f - a +4 whip (weapon)
Talismans
 b - a beast talisman
 c - a flux talisman
Wands
 j - a wand of charming (5)
Scrolls
 d - 2 scrolls of blinking {unknown}
 e - 2 scrolls of teleportation {unknown}
 g - 2 scrolls of revelation {unknown}
 k - 2 scrolls of identify {unknown}
 l - 2 scrolls of amnesia {unknown}
 m - a scroll of enchant armour {unknown}
 n - a scroll of poison {unknown}
 p - a scroll of fear {unknown}
 t - a scroll of torment {unknown}
 u - a scroll of fog {unknown}
Potions
 a - a potion of lignification
 h - a potion of mutation {unknown}
 i - a potion of haste {unknown}
 o - a potion of curing {unknown}
 q - a potion of might {unknown}
 r - a potion of cancellation {unknown}
 s - 2 potions of attraction {unknown}


   Skills:
 - Level 1.1 Fighting
 - Level 1.7 Dodging
 + Level 5.1 Unarmed Combat
 + Level 4.8 Shapeshifting


You had 4 spell levels left.
You didn't know any spells.
Your spell library contained the following spells:

 Spells                   Type           Power      Damage    Failure   Level
 Magic Dart               Conj           0%         1d3       34%         1
 Call Imp                 Summ           0%         N/A       47%         2
 Mephitic Cloud           Conj/Pois/Air  0%         N/A       71%         3


Dungeon Overview and Level Annotations

Branches:
Dungeon (3/15)

Altars:

Shops:
D:1 ?


Innate Abilities, Weirdness & Mutations

You are a hulking beast.
Your limbs bulge with bestial killing power. (Slay +2)
Your plain brown scales are hard. (AC +5)
You cannot fit into any form of body armour.
You are cold-blooded and may be slowed by cold attacks.


Message History

The ice beast hits you but does no damage.
You hit the ice beast.
The ice beast is lightly wounded.
The ice beast hits you. The ice beast freezes you!
You feel yourself slow down.
You hit the ice beast.
The ice beast is moderately wounded.
The ice beast hits you but does no damage. x2
You hit the ice beast.
The ice beast is moderately wounded.
You feel yourself speed up. The ice beast hits you. The ice beast freezes you.
The ice beast hits you. The ice beast freezes you!
* * * LOW HITPOINT WARNING * * *
You are too injured to fight recklessly!
You are too injured to fight recklessly!
You are too injured to fight recklessly!
You are too injured to fight recklessly!
You are too injured to fight recklessly!
You are too injured to fight recklessly!
You are too injured to fight recklessly!
You are too injured to fight recklessly!
You are too injured to fight recklessly!
You are too injured to fight recklessly!
You are too injured to fight recklessly!
You are too injured to fight recklessly!
You are too injured to fight recklessly!
You are too injured to fight recklessly!
You are too injured to fight recklessly!
You are too injured to fight recklessly!
You are too injured to fight recklessly!
You are too injured to fight recklessly!
You hit the ice beast.
The ice beast is heavily wounded.
The ice beast misses you.
You hit the ice beast.
The ice beast is severely wounded.
The ice beast hits you.
* * * LOW HITPOINT WARNING * * *
The ice beast freezes you!
You feel yourself slow down.
You die...

#....###.#### #.# #........
#....# #....### #.#####........
###########...#####.#.....##..###
#......###....#.......###.##
#................########.##
#......#####.....÷.........#
#......##........#.##......#
#....†......Y....#.........#
####......##....h...###.....^.#
..........##.........##...<...#
####>.....##.........###......#
#......##.........# #...[..#
###.#############.###......#
#..).### #..###..#### # ####...#
##..###.# # ###.# ##..##.######
#.# ##......##..


You could see an ice beast.

Vanquished Creatures
  An orc priest (D:3)
  A gnoll bouda (D:2)
  An orc wizard (D:3)
  Terence (D:2)
  6 gnolls
  2 adders (D:2)
  2 dart slugs
  3 orcs (D:3)
  11 ball pythons
  4 bats
  2 endoplasms
  4 giant cockroaches
  5 goblins
  9 hobgoblins
  3 jackals (D:2)
  3 kobolds
  2 quokkas
  4 frilled lizards
  2 rats
66 creatures vanquished.

Notes
Turn   | Place    | Note
-------+----------+-------------------------------------------
     0 | D:1      | Dordric the Draconian Shapeshifter began the quest for the
                  | Orb.
     0 | D:1      | Reached XP level 1. HP: 16/16 MP: 1/1
   138 | D:1      | Reached XP level 2. HP: 8/23 MP: 2/2
   591 | D:1      | Found Utzock's Magic Scroll Boutique.
   817 | D:2      | Reached XP level 3. HP: 28/28 MP: 3/3
  1095 | D:2      | Noticed Terence
  1102 | D:2      | Killed Terence
  1103 | D:2      | Reached skill level 4 in Unarmed Combat
  1233 | D:2      | Reached XP level 4. HP: 29/35 MP: 4/4
  1892 | D:2      | Reached XP level 5. HP: 13/40 MP: 5/5
  2224 | D:3      | Noticed an ice beast
  2327 | D:3      | Reached skill level 5 in Unarmed Combat
  2529 | D:3      | Slain by an ice beast

Illustrated notes

Levels and vault maps discovered:
D:1:      lemuel_arrival_rhombus, layout_loops_ring, serial_shops,
          nicolae_shop_rolled_up
D:2:      layout_loops_ring, uniq_terence
D:3:      layout_rooms

Skill      XL: |  1  2  3  4  5 |
---------------+----------------+-----
Unarmed Combat | 4 5 |  5.1
Shapeshifting  | 4 |  4.8
Fighting       | |  1.1
Dodging        | |  1.7

Action                     |  1- 3 |  4- 6 || total
---------------------------+-------+-------++-------
  Melee: Unarmed           |    35 |       ||    35
         Tailslap          |     5 |     9 ||    14
         Punch             |     2 |     5 ||     7
         Whip              |    52 |   116 ||   168
  Evoke: Wand              |       |     1 ||     1
 Armour: Skin              |    46 |    92 ||   138
  Dodge: Dodged            |    42 |    63 ||   105

Table legend: (Time is in decaauts)
 A = Elapsed time spent in this place.
 B = Non-inter-level travel time spent in this place.
 C = Inter-level travel time spent in this place.
 D = Time resting spent in this place.
 E = Time spent auto-exploring this place.
 F = Levels seen in this place.
 G = Mean time per level.
                   A        B        C        D        E       F      G
               +--------+--------+--------+--------+--------+-----+--------+
         Total |   2550 |   2482 |     68 |    372 |   1666 |   3 |  850.0 |
       Dungeon |   2550 |   2482 |     68 |    372 |   1666 |   3 |  850.0 |
               +--------+--------+--------+--------+--------+-----+--------+

Top non-repeatable levels by time:
     D:2: 1183 daAuts
     D:1: 813 daAuts
     D:3: 554 daAuts
